 Dungeon Crawl Stone Soup version 0.17-a0-1787-g4aeb8be (webtiles) character file.

4700 Pahjeet the Grappler (level 10, -1/88 HPs)
             Began as a Troll Berserker on Sept 9, 2015.
             Was a Priest of Okawaru.
             Slain by a black bear (2 damage)
             ... created by the rage of Trog
             ... on level 9 of the Dungeon.
             The game lasted 00:23:17 (8369 turns).

Pahjeet the Grappler (Troll Berserker)              Turns: 8369, Time: 00:23:18

Health: -1/88      AC: 12    Str: 28    XL:     10   Next: 21%
Magic:  7/9        EV: 13    Int:  3    God:    Okawaru [***...]
Gold:   706        SH:  0    Dex: 11    Spells: 0 memorised, 9 levels left

rFire  . . .     SeeInvis .       - Unarmed
rCold  . . .     Clarity  .     w - +1 robe {MR+}
rNeg   . . .     SustAt   .     (no shield)
rPois  +         Gourm    +     (helmet restricted)
rElec  .         Spirit   .     p - +2 cloak {MR+}
rCorr  .         Warding  .     (gloves unavailable)
rMut   .         Stasis   .     (boots unavailable)
MR     ++...                    z - amulet of rage
Stlth  ++........               h - ring of poison resistance
                                d - +3 ring of protection

@: exhausted, heroism, slowed, very slow, very resistant to hostile
enchantments, unstealthy
A: unfitting armour, claws 3, fast metabolism 3, gourmand, regeneration 2,
shaggy fur 1, tough skin 2
a: Heroism, Renounce Religion, Evoke Berserk Rage


You were on level 9 of the Dungeon.
You worshipped Okawaru.
Okawaru was most pleased with you.
You were full.

You visited 2 branches of the dungeon, and saw 10 of its levels.

You collected 706 gold pieces.

Inventory:

Armour
 p - a +2 cloak of magic resistance (worn)
 w - a +1 robe of magic resistance (worn)
 M - a +2 robe of cold resistance
Jewellery
 a - an uncursed ring of magical power
 d - a +3 ring of protection (left claw)
 h - a ring of poison resistance (right claw)
 u - a cursed ring of positive energy
 z - an amulet of rage (around neck)
 F - an uncursed ring of ice
Magical devices
 A - a wand of confusion (12)
 C - a wand of fireball (15)
 J - a wand of random effects (18)
Scrolls
 e - 7 scrolls of remove curse
 j - 2 scrolls of magic mapping
 x - 7 scrolls of identify
 y - a scroll of fear
 H - 2 scrolls of noise
 K - a scroll of amnesia
Potions
 c - 2 potions of haste
 g - 2 potions of agility
 m - a potion of resistance
 q - 6 potions of curing
 r - 2 potions of ambrosia {unknown}
 s - 2 potions of invisibility
 t - 2 potions of brilliance
 D - a potion of cancellation {unknown}
 E - 3 potions of might
Books
 n - a Necronomicon

   Spells                             Type                      Level
   a - Haunt                          Necromancy/Summoning         7
   b - Borgnjor's Revivification      Necromancy                   8
   c - Death's Door                   Charms/Necromancy            8
   d - Necromutation                  Transmutation/Necromancy     8
 B - a book of the Dragon

   Spells                             Type                      Level
   a - Flame Tongue                   Conjuration/Fire             1
   b - Cause Fear                     Hexes                        4
   c - Bolt of Fire                   Conjuration/Fire             6
   d - Dragon Form                    Transmutation                7
   e - Dragon's Call                  Summoning                    9
 I - Vucrafyz's Almanac of Companions
   (You found it on level 8 of the Dungeon)

   Spells                             Type                      Level
   a - Call Imp                       Summoning                    2
   b - Summon Guardian Golem          Hexes/Summoning              3
   c - Recall                         Summoning/Translocation      3
   d - Summon Demon                   Summoning                    5
   e - Spellforged Servitor           Conjuration/Summoning        7
Comestibles
 b - 8 bread rations
 f - 3 slices of pizza
 i - 3 meat rations
 k - 5 fruits
 l - 3 beef jerkies
 o - a royal jelly
 v - a chunk of flesh


   Skills:
 - Level 2.4(7.4) Fighting
 - Level 2.4(7.4) Dodging
 + Level 14.5(19.5) Unarmed Combat


You had 9 spell levels left.
You didn't know any spells.

Dungeon Overview and Level Annotations

Branches:
Dungeon (9/15)             Temple (1/1) D:5
   Lair: D:8-11         Orc: D:9-12

Altars:
Ashenzari
Fedhas
Okawaru
Yredelemnul


Innate Abilities, Weirdness & Mutations

You are too large for most types of armour.
You have claws for hands.
Your metabolism is lightning-fast.
You like to eat raw meat.
You heal very quickly.
You are covered in fur (AC +1).
You have very tough skin (AC +2).


Message History

The polar bear claws you but does no damage.
The polar bear claws you.
* * * LOW HITPOINT WARNING * * *
You feel a strong urge to attack something.
The polar bear rages.
The ogre closely misses you.
You feel your anger subside. The black bear completely misses you.
The black bear barely misses you. The black bear misses you.
You hear an angry growl.
You are no longer berserk.
You are exhausted.
You feel yourself slow down.
The black bear bites you but does no damage.
The black bear claws you but does no damage. x2
You hear an angry growl.
The black bear bites you!
* * * LOW HITPOINT WARNING * * *
The black bear closely misses you. The black bear claws you.
You die...

#.........#
####.........#
#............#
#.#..........#
#..........#
#.##...O.....#
#[.....#.#####
#######.#h###
........hOh@#
....!##.###.#
#### #.# #.#
#.# #.#
##.###.#####
#..........#
#..........#
###........#
#.[......#


You could see 2 polar bears, a black bear (berserk) and an ogre (berserk).

Vanquished Creatures
  Maurice (D:9)
  Psyche (D:8)
  Sigmund (D:2)
  Eustachio (D:5)
  A hippogriff (D:7)
  An orc warrior (D:6)
  An ice beast (D:5)
  2 sky beasts
  An ogre (D:8)
  A wasp (D:9)
  2 water moccasins
  6 centaurs
  2 big kobolds (D:5)
  A wyvern zombie (D:8)
  A gnoll sergeant (D:8)
  6 giant frogs
  A scorpion (D:7)
  A water moccasin skeleton (D:5)
  6 killer bees (D:8)
  3 crimson imps
  3 giant frog zombies
  3 iguanas
  3 orc priests
  Crazy Yiuf (D:6)
  Ijyb (D:2)
  3 giant frog skeletons
  Jessica (D:2)
  6 hounds
  Natasha (twice) (D:2)
  3 orc wizards
  3 worker ants
  A hound zombie (D:8)
  11 adders
  19 gnolls
  A shadow imp (D:5)
  2 oozes
  2 worms
  2 adder skeletons (D:7)
  27 orcs
  A ball python (D:5)
  5 bats
  2 giant cockroaches
  32 goblins
  28 hobgoblins
  6 jackals
  13 kobolds
  7 quokkas
  A ball python zombie (D:5)
  3 giant geckos
  4 giant newts
  A jackal zombie (D:8)
  11 rats
248 creatures vanquished.

Notes
Turn   | Place    | Note
--------------------------------------------------------------
     0 | D:1      | Pahjeet the Troll Berserker began the quest for the Orb.
     0 | D:1      | Reached XP level 1. HP: 22/22 MP: 0/0
    62 | D:1      | Reached XP level 2. HP: 26/29 MP: 1/1
   392 | D:1      | Acquired Trog's second power
   398 | D:1      | Reached skill level 4 in Unarmed Combat
   879 | D:2      | Found a basalt altar of Yredelemnul.
   880 | D:2      | Noticed Jessica
   885 | D:2      | Killed Jessica
   885 | D:2      | Reached XP level 3. HP: 36/36 MP: 2/2
  1110 | D:2      | Noticed Natasha
  1161 | D:2      | Reached skill level 5 in Unarmed Combat
  1161 | D:2      | Reached XP level 4. HP: 3/44 MP: 3/3
  1324 | D:2      | Noticed Sigmund
  1342 | D:2      | Killed Sigmund
  1342 | D:2      | Reached skill level 6 in Unarmed Combat
  1342 | D:2      | Reached XP level 5. HP: 36/50 MP: 4/4
  1343 | D:2      | Killed Natasha
  1343 | D:2      | Reached XP level 6. HP: 43/59 MP: 5/5
  1497 | D:2      | Found a shattered altar of Ashenzari.
  1782 | D:2      | Noticed Natasha
  1788 | D:2      | Killed Natasha
  1826 | D:2      | Noticed Ijyb
  1830 | D:2      | Killed Ijyb
  1830 | D:2      | Reached skill level 7 in Unarmed Combat
  3066 | D:4      | Reached skill level 8 in Unarmed Combat
  3066 | D:4      | Reached XP level 7. HP: 66/66 MP: 6/6
  3186 | D:4      | You fall through a shaft for 3 floors!
  3248 | D:5      | Entered Level 5 of the Dungeon
  3846 | D:5      | Noticed Eustachio
  3870 | D:5      | Killed Eustachio
  3870 | D:5      | Reached skill level 9 in Unarmed Combat
  3939 | D:5      | Acquired Trog's third power
  4131 | D:5      | Reached XP level 8. HP: 74/74 MP: 7/7
  4140 | D:5      | Reached skill level 10 in Unarmed Combat
  4435 | D:5      | Found a staircase to the Ecumenical Temple.
  4989 | Temple   | Entered the Ecumenical Temple
  5009 | Temple   | Fell from the grace of Trog
  5009 | Temple   | Became a worshipper of Warmaster Okawaru
  5093 | D:4      | Reached skill level 11 in Unarmed Combat
  6193 | D:6      | Noticed Crazy Yiuf
  6199 | D:6      | Killed Crazy Yiuf
  6244 | D:6      | Acquired Okawaru's first power
  6532 | D:7      | Found a blossoming altar of Fedhas.
  6616 | D:7      | Reached XP level 9. HP: 78/80 MP: 8/8
  6624 | D:7      | Reached skill level 12 in Unarmed Combat
  7229 | D:8      | Reached skill level 13 in Unarmed Combat
  7398 | D:8      | Noticed Psyche
  7415 | D:8      | Paralysed by something for 2 turns
  7424 | D:8      | Killed Psyche
  7680 | D:8      | Reached skill level 14 in Unarmed Combat
  7692 | D:8      | Reached XP level 10. HP: 60/88 MP: 9/9
  7761 | D:8      | Identified Vucrafyz's Almanac of Companions
  8180 | D:9      | Noticed Maurice
  8190 | D:9      | Killed Maurice
  8369 | D:9      | HP: 1/88 [black bear[the rage of Trog] (12)]
  8369 | D:9      | Slain by a black bear

Vault maps used:
D:1:      onia_arrival_mini_maze_b, nrook_loot_triangle, st_stairs_11
D:2:      nicolae_overflow_hidden_temple, lemuel_coloured_pillars_altar,
          grunt_ministairs_11, uniq_jessica, uniq_sigmund, uniq_iyjb,
          uniq_natasha
D:3:      first_bread
D:4:      minmay_misc_feat_encased
D:5:      minmay_goblin_kobold_castle, temple_green, uniq_eustachio
D:6:      uniq_crazy_yiuf_cottage
D:7:      fedhas_altar_2, kennysheep_generic_room_2
D:8:      uniq_psyche
D:9:      minmay_overflow_temple_hex, uniq_maurice
Temple:   roderic_octagonal_lattice_temple

Action                   |  1- 3 |  4- 6 |  7- 9 | 10-12 || total
-------------------------+-------+-------+-------+-------++-------
Melee: Unarmed           |    85 |    89 |   401 |    51 ||   626
Invok: Berserk           |     1 |     1 |     2 |       ||     4
       Heroism           |       |       |     1 |     1 ||     2
 Abil: Evoke Berserk Rag |       |       |       |     1 ||     1
  Use: Scroll            |       |     9 |    14 |     1 ||    24
       Potion            |       |       |     1 |       ||     1
 Stab: Fleeing           |       |     1 |       |       ||     1
  Eat: Chunk             |     8 |    23 |    49 |     4 ||    84
